 Dungeon Crawl Stone Soup version 0.27-a0-1230-gfc7c993222 (webtiles) character file.

Game seed: 5617957591829762655

1471 Ethylacetat the Stinger (level 8, -2/74 HPs)
             Began as a Naga Transmuter on June 8, 2021.
             Was a Follower of Vehumet.
             Slain by a bullfrog (3 damage)
             ... on level 6 of the Dungeon.
             The game lasted 00:29:40 (8320 turns).

Ethylacetat the Stinger (Naga Transmuter)           Turns: 8320, Time: 00:29:43

Health: -2/74      AC:  7    Str: 12    XL:     8   Next: 78%
Magic:  2/15       EV:  7    Int: 16    God:    Vehumet [*.....]
Gold:   501        SH:  0    Dex: 10    Spells: 9/18 levels left

rFire    . . .     SeeInvis +     - Unarmed
rCold    . . .     Faith    .   (shield currently unavailable)
rNeg     . . .     Spirit   .   (armour currently unavailable)
rPois    +         Reflect  .   (helmet currently unavailable)
rElec    .         Harm     .   (cloak currently unavailable)
rCorr    .         Rampage  .   (gloves currently unavailable)
Will     ++...                  (no barding)
Stlth    +.........             (no amulet)
HPRegen  0.22/turn              x - ring of willpower
MPRegen  0.14/turn              (no ring)

@: hydra-form (expiring), very slightly contaminated
A: fast swimmer, devour, amphibious, boosted hp, AC +2, very large, see
invisible, (deformed body), (poison resistance), (slowness 2), spit poison 1,
(naga tail 1), clumsy 1, frail 1, low mp 1
a: Spit Poison, End Transformation, Renounce Religion


You were on level 6 of the Dungeon.
You worshipped Vehumet.
Vehumet was aware of your devotion.
You were a three-headed hydra.
You visited 1 branch of the dungeon, and saw 6 of its levels.
You also visited: Sewer.

You collected 501 gold pieces.

Inventory:

Hand Weapons
 l - a +1 scimitar of holy wrath
 t - a +1 dagger of venom (melded)
Missiles
 p - a curare-tipped dart
Armour
 a - a +0 robe (melded)
 h - a +0 cloak (melded)
 n - +2 acid dragon scales
Jewellery
 x - a ring of willpower (left foreclaw)
 y - a ring of magical power
Wands
 z - a wand of iceblast (9)
Scrolls
 b - a scroll of enchant armour {unknown}
 d - a scroll of silence {unknown}
 g - 4 scrolls of identify {unknown}
 i - 2 scrolls of amnesia {unknown}
 j - 4 scrolls of noise {unknown}
 m - a scroll of fear {unknown}
 q - a scroll of magic mapping {unknown}
 u - a scroll of blinking {unknown}
 v - a scroll of teleportation {unknown}
 A - a scroll of brand weapon {unknown}
Potions
 c - a potion of degeneration {unknown}
 e - a potion of cancellation {unknown}
 f - a potion of curing
 k - 3 potions of haste
 o - a potion of flight
 s - 2 potions of resistance
 w - a potion of magic {unknown}


   Skills:
 - Level 1.0 Fighting
 - Level 1.5 Dodging
 - Level 3.0 Unarmed Combat
 + Level 5.8 Spellcasting
 * Level 7.0 Transmutations
 - Level 7.0 Poison Magic


You had 9 spell levels left.
You knew the following spells:

 Your Spells              Type           Power      Damage    Failure   Level
a - Beastly Appendage     Tmut           54%        N/A       1%          1
b - Spider Form           Tmut/Pois      13%        N/A       2%          3
c - Hydra Form            Tmut           13%        N/A       22%         5

Your spell library contained the following spells:

 Spells                   Type           Power      Damage    Failure   Level
 Shock                    Conj/Air       16%        1d4       14%         1
 Wereblood                Tmut           27%        N/A       1%          2
 Ice Form                 Ice/Tmut       15%        N/A       32%         4
 Petrify                  Tmut/Erth      15%        N/A       32%         4
 Confusing Touch          Hex            4%         N/A       38%         3
 Gell's Gravitas          Tloc           2%         N/A       38%         3
 Irradiate                Conj/Tmut      7%         3d16      67%         5
 Yara's Violent Unravell  Hex/Tmut       7%         3d5       67%         5
 Blade Hands              Tmut           13%        N/A       75%         6
 Metabolic Englaciation   Hex/Ice        2%         N/A       98%         5
 Statue Form              Tmut/Erth      10%        N/A       99%         6
 Dragon Form              Tmut           13%        N/A       100%        7


Dungeon Overview and Level Annotations

Branches:
Dungeon (6/15)             Temple (0/1) D:6           Sewer (visited)

Altars:
Hepliaklqana
Qazlal
Ru
Uskayaw
Vehumet


Innate Abilities, Weirdness & Mutations

You are a three-headed hydra.
You swim very quickly.
You can devour living enemies to heal.
You are amphibious.
Your maximum health is greatly increased.
Your armour is entirely melded.
You are incapable of wielding weapons or throwing items.
((Your serpentine skin is tough. (AC +2)))
You have supernaturally acute eyesight. (SInv)
((Armour fits poorly on your strangely shaped body.))
((Your system is resistant to poisons. (rPois)))
((You cover ground very slowly.))
You can spit poison.
((You have a snake-like lower body.))
You are clumsy. (Dex -2)
You are frail. (-10% HP)
Your magical capacity is low. (-10% MP)


Message History

You nip at the bullfrog.
You completely miss the bullfrog. The bullfrog hits you.
The electric eel shoots out a bolt of lightning at you!
The bolt of electricity hits you!
The bullfrog hits you but does no damage.
You barely miss the electric eel.
The electric eel is lightly wounded.
You nip at the bullfrog. x2
The bullfrog hits you but does no damage. x2
A scorpion comes into view.
The bullfrog hits you but does no damage.
You barely miss the electric eel.
The electric eel is lightly wounded.
You nip at the bullfrog.
You bite the bullfrog!
The bullfrog hits you but does no damage.
The bullfrog hits you.
The electric eel shoots out a bolt of lightning at you!
The bolt of electricity hits you! The bullfrog barely misses you.
You bite the electric eel!
The electric eel is heavily wounded.
You completely miss the bullfrog.
You nip at the bullfrog.
The bullfrog hits you.
* * * LOW HITPOINT WARNING * * *
The bullfrog hits you.
* * * LOW HITPOINT WARNING * * *
Okay, then.
You barely miss the electric eel.
The electric eel is heavily wounded.
You barely miss the sky beast.
You nip at the bullfrog.
You barely miss the bullfrog. The bullfrog hits you.
* * * LOW HITPOINT WARNING * * *
The bullfrog hits you.
* * * LOW HITPOINT WARNING * * *
The sky beast hits you but does no damage.
The electric eel shoots out a bolt of lightning at you!
The bolt of electricity hits you!
* * * LOW HITPOINT WARNING * * *
The bullfrog hits you but does no damage.
The bullfrog hits you.
You die...

# #.# #........# # #>#
############# # #.#
### #≈≈≈≈# #####.#
#.###≈≈≈≈≈≈ ......#
#)$..≈≈.... #######
#...≈≈.....
#..≈....≈≈.
###..FF.≈≈..≈
#....D;≈.s..≈
#.....Y..⌠≈≈.
#.......≈≈⌠..
#.#....≈....≈
#.#....≈..≈≈.
#.#.....≈≈...
#.#.........≈ ######
#.#........≈≈
.....#######.#.###≈≈≈≈


You could see a sky beast, 2 bullfrogs, a scorpion and an electric eel.

Vanquished Creatures
  Maggie (D:6)
  A black bear (D:6)
  An ogre (D:4)
  A hornet zombie (D:6)
  A phantom (D:5)
  A kobold brigand (Sewer)
  A bullfrog (D:6)
  A scorpion (D:4)
  A water moccasin zombie (D:5)
  A wyvern zombie (D:3)
  A wyvern skeleton (D:6)
  A centaur zombie (D:5)
  3 hounds (D:5)
  A bullfrog skeleton (D:6)
  An orc priest (D:5)
  An iguana (D:6)
  2 orc wizards
  A killer bee zombie (D:5)
  A hound skeleton (D:4)
  A gnoll (D:1)
  12 adders
  A white imp (D:6)
  3 worms
  9 orcs
  6 bats
  13 endoplasms
  4 giant cockroaches
  5 hobgoblins
  4 jackals (D:2)
  6 quokkas
  9 ball pythons
  3 frilled lizards
  4 goblins
  13 kobolds
  9 rats
124 creatures vanquished.

Notes
Turn   | Place    | Note
-------+----------+-------------------------------------------
     0 | D:1      | Ethylacetat the Naga Transmuter began the quest for the
                  | Orb.
     0 | D:1      | Reached XP level 1. HP: 18/18 MP: 3/3
    94 | D:1      | Reached XP level 2. HP: 22/25 MP: 3/5
   219 | D:1      | Reached XP level 3. HP: 16/31 MP: 6/6
   223 | D:1      | Learned a level 3 spell: Spider Form
   709 | D:1      | Reached skill level 1 in Poison Magic
  1419 | D:2      | Reached XP level 4. HP: 37/38 MP: 8/8
  1953 | D:3      | Found a hide-covered altar of Uskayaw.
  2017 | D:3      | Found a glowing drain.
  2033 | Sewer    | Entered a sewer
  2202 | Sewer    | Reached XP level 5. HP: 6/44 MP: 5/9
  2923 | Sewer    | Noticed a kobold brigand
  2953 | Sewer    | Killed a kobold brigand
  3062 | D:3      | Found a radiant altar of Vehumet.
  3073 | D:3      | Became a worshipper of Vehumet
  3154 | D:3      | HP: 1/44 [wyvern zombie (15)]
  3158 | D:3      | Reached XP level 6. HP: 11/51 MP: 9/11
  3843 | D:3      | Found a hazy altar of Hepliaklqana.
  4379 | D:4      | Reached skill level 5 in Poison Magic
  4909 | D:5      | Entered Level 5 of the Dungeon
  5133 | D:4      | Reached XP level 7. HP: 57/57 MP: 9/13
  5851 | D:5      | Found a stormy altar of Qazlal.
  5855 | D:5      | Noticed a water elemental
  5859 | D:5      | Noticed a fire elemental
  5859 | D:5      | Noticed an air elemental
  5906 | D:5      | Found a sacrificial altar of Ru.
  6623 | D:5      | Reached skill level 5 in Transmutations
  6815 | D:5      | Reached XP level 8. HP: 48/64 MP: 12/15
  6825 | D:5      | Reached * piety under Vehumet
  6825 | D:5      | Offered knowledge of Shock by Vehumet.
  7315 | D:6      | Reached skill level 5 in Spellcasting
  7446 | D:6      | Learned a level 5 spell: Hydra Form
  7453 | D:6      | Gained mutation: Your magical capacity is low. (-10% MP)
                  | [mutagenic glow]
  7474 | D:6      | Gained mutation: You are clumsy. (Dex -2) [mutagenic glow]
  7491 | D:6      | Gained mutation: You are frail. (-10% HP) [mutagenic glow]
  7867 | D:6      | Noticed Maggie
  7883 | D:6      | Killed Maggie
  8117 | D:6      | Found a staircase to the Ecumenical Temple.
  8320 | D:6      | HP: 1/74 [electric eel/bolt of electricity (12)]
  8320 | D:6      | Slain by a bullfrog

Illustrated notes

Levels and vault maps discovered:
D:1:      lemuel_arrival_behind_the_door_small, layout_rooms
D:2:      layout_loops_ring, serial_glass, glass_columns_b, glass_columns_a,
          st_stairs_12, hangedman_decor_diamond_cutter, hex_tiny
D:3:      layout_basic, pf_just_have_faith, amcnicky_altar_gilded,
          lemuel_doored_altar, cheibrodos_sewer_entry_drain,
          minmay_misc_feat_tiny, minivault_27
D:4:      layout_cave_pools, hangedman_abyss_or_decor_jellyfish_corner
D:5:      layout_basic, nicolae_ru_great_annihilating_truth,
          nicolae_qazlal_style_of_elements
D:6:      cheibrodos_helix_gallery, layout_loops_ring, minmay_temple_entry_hall,
          uniq_maggie

Skill      XL: |  1  2  3  4  5  6  7  8 |
---------------+-------------------------+-----
Poison Magic   | 1 3 4 6 7 |  7.0
Transmutations | 3 4 5 7 |  7.0
Spellcasting   | 3 4 5 |  5.8
Fighting       | |  1.0
Dodging        | |  1.5
Unarmed Combat | |  3.0

Action                   |  1- 3 |  4- 6 |  7- 9 || total
-------------------------+-------+-------+-------++-------
Melee: Unarmed           |    25 |   107 |   132 ||   264
       Club              |    53 |    31 |       ||    84
       Headbutt          |     7 |     2 |       ||     9
       Punch             |     1 |       |     1 ||     2
       Dagger            |       |    47 |    62 ||   109
 Cast: Beastly Appendage |    10 |     3 |       ||    13
       Spider Form       |     1 |    16 |    11 ||    28
       Hydra Form        |       |       |     3 ||     3
 Abil: Spit Poison       |    29 |    36 |    10 ||    75
  Use: Potion            |       |     3 |    12 ||    15
 Stab: Paralysed         |       |       |     2 ||     2
Armor: Robe              |    29 |    26 |    32 ||    87
       Skin              |     2 |    15 |    39 ||    56
Dodge: Dodged            |    51 |   142 |   118 ||   311

Table legend: (Time is in decaauts)
 A = Elapsed time spent in this place.
 B = Non-inter-level travel time spent in this place.
 C = Inter-level travel time spent in this place.
 D = Time resting spent in this place.
 E = Time spent auto-exploring this place.
 F = Levels seen in this place.
 G = Mean time per level.
                   A        B        C        D        E       F      G
               +--------+--------+--------+--------+--------+-----+--------+
         Total |   9751 |   9595 |    156 |   1160 |   6844 |   7 | 1393.0 |
       Dungeon |   8585 |   8429 |    156 |    850 |   6331 |   6 | 1430.8 |
         Sewer |   1166 |   1166 |      0 |    310 |    512 |   1 | 1166.0 |
               +--------+--------+--------+--------+--------+-----+--------+

Top non-repeatable levels by time:
     D:5: 1854 daAuts
     D:3: 1715 daAuts
     D:6: 1386 daAuts
     D:4: 1290 daAuts
     D:1: 1179 daAuts
   Sewer: 1166 daAuts
     D:2: 1159 daAuts
